 Dungeon Crawl Stone Soup version 0.28-a0-312-gbced6e68ee (webtiles) character file.

Game seed: 4848174475322945971

22374 frimble the Quickloader (level 12, -2/94 (95) HPs)
             Began as a Gnoll Wanderer on Aug 30, 2021.
             Was an Elder of Cheibriados.
             Slain by a frost giant (33 damage)
             ... in an ice cave.
             The game lasted 00:25:00 (17468 turns).

frimble the Quickloader (Gnoll Wanderer)           Turns: 17468, Time: 00:25:01

HP:   -2/94 (95)    AC: 15    Str: 25    XL:     12   Next: 99%
MP:   10/32         EV: 20    Int: 31    God:    Cheibriados [****..]
Gold: 2108          SH:  6    Dex: 18    Spells: 12/26 levels left

rFire   . . .      SeeInvis .   b - +1 short sword (drain)
rCold   . . .      Faith    .   G - +0 buckler
rNeg    + . .      Spirit   .   L - +2 troll leather armour
rPois   .          Reflect  .   y - +0 hat of the Pirate {rElec Int+3 Dex-5 Slay+5}
rElec   +          Harm     .   p - +2 cloak {Will+}
rCorr   .          Rampage  .   e - +1 pair of gloves
Will    +....                   m - +1 pair of boots
Stlth   ++++......              f - macabre finger necklace {rN+}
HPRegen 1.25/turn               h - +6 ring of strength
MPRegen 0.23/turn               n - ring of magical power
                                I - +4 ring of evasion

@: very slightly contaminated, lightly drained, very slow
A: fangs 1, strong nose, distributed training
a: Renounce Religion, Bend Time, Temporal Distortion, Slouch


You were in an ice cave.
You worshipped Cheibriados.
Cheibriados was greatly pleased with you.
You visited 2 branches of the dungeon, and saw 14 of its levels.
You also visited: Sewer, Ossuary and Ice Cave.

You collected 3396 gold pieces.
You spent 1288 gold pieces at shops.

Inventory:

Hand Weapons
 a - a +0 hand crossbow
 b - a +1 short sword of draining (weapon)
Missiles
 d - 70 bolts
 j - 28 poisoned darts (quivered)
 r - a curare-tipped dart
 B - a throwing net
Armour
 e - a +1 pair of gloves (worn)
 m - a +1 pair of boots (worn)
 p - a +2 cloak of willpower (worn)
 y - the +0 hat of the Pirate (worn) {rElec Int+3 Dex-5 Slay+5}
   (You acquired it on level 6 of the Dungeon)

   Int:       It affects your intelligence (+3).
   Dex:       It affects your dexterity (-5).
   Slay:      It affects your accuracy & damage with ranged weapons and melee
   (+5).
   rElec:     It insulates you from electricity.
 G - a +0 buckler (worn)
 L - a +2 troll leather armour (worn)
Jewellery
 f - the macabre finger necklace (around neck) {rN+}
   (You took it off a tengu warrior on level 7 of the Dungeon)

   [amulet of nothing]

   It enables you to equip an extra ring.
   rN:        It protects you from negative energy.
 h - a +6 ring of strength (left hand)
 i - a ring of flight
 n - a ring of magical power (right hand)
 I - a +4 ring of evasion (on amulet)
Wands
 l - a wand of flame (16)
 H - a wand of polymorph (16)
 J - a wand of mindburst (8)
 M - a wand of iceblast (5)
 N - a wand of charming (6)
Scrolls
 g - 7 scrolls of teleportation
 k - 4 scrolls of identify
 s - 3 scrolls of blinking
 t - a scroll of summoning
 u - 4 scrolls of amnesia
 D - a scroll of magic mapping
 F - 2 scrolls of fog
Potions
 c - 5 potions of curing
 o - a potion of berserk rage
 q - a potion of magic
 v - 2 potions of lignification
 w - 5 potions of ambrosia
 x - a potion of might
 z - 4 potions of brilliance
 A - 4 potions of flight
 C - 3 potions of cancellation
 E - 3 potions of haste
 K - a potion of invisibility


   Skills:
 + Level 9.1 Fighting
 + Level 7.8 Short Blades
 + Level 7.8 Long Blades
 + Level 7.8 Axes
 + Level 7.8 Maces & Flails
 + Level 7.8 Polearms
 + Level 7.8 Staves
 + Level 7.8 Slings
 + Level 7.8 Bows
 + Level 9.1 Crossbows
 + Level 8.3 Throwing
 + Level 8.3 Armour
 + Level 7.8 Dodging
 + Level 8.2 Stealth
 + Level 7.8 Shields
 + Level 7.8 Unarmed Combat
 + Level 7.8 Spellcasting
 + Level 6.5 Conjurations
 + Level 6.5 Hexes
 + Level 6.5 Summonings
 + Level 6.5 Necromancy
 + Level 6.5 Translocations
 + Level 6.5 Transmutations
 + Level 6.5 Fire Magic
 + Level 8.6 Ice Magic
 + Level 6.5 Air Magic
 + Level 6.5 Earth Magic
 + Level 6.5 Poison Magic
 + Level 8.5 Invocations
 + Level 7.8 Evocations


You had 12 spell levels left.
You knew the following spells:

 Your Spells              Type           Power      Damage    Failure   Level
a - Blink                 Tloc           N/A        N/A       1%          2
b - Ozocubu's Armour      Ice            60%        N/A       1%          3
c - Summon Ice Beast      Ice/Summ       56%        N/A       1%          4
d - Borgnjor's Vile Clut  Necr/Erth      25%        N/A       9%          5

Your spell library contained the following spells:

 Spells                   Type           Power      Damage    Failure   Level
 Beastly Appendage        Tmut           100%       N/A       1%          1
 Pain                     Necr           100%       1d9       1%          1
 Wereblood                Tmut           51%        N/A       1%          2
 Call Canine Familiar     Summ           51%        N/A       1%          3
 Conjure Flame            Conj/Fire      51%        6-21      1%          3
 Dazzling Flash           Conj/Hex       100%       N/A       1%          3
 Ignite Poison            Fire/Tmut/Pois 51%        N/A       1%          3
 Lesser Beckoning         Tloc           51%        N/A       1%          3
 Portal Projectile        Hex/Tloc       100%       N/A       1%          3
 Spider Form              Tmut/Pois      25%        N/A       1%          3
 Animate Dead             Necr           25%        N/A       3%          4
 Leda's Liquefaction      Hex/Erth       25%        N/A       3%          4
 Sticky Flame             Conj/Fire      51%        2d7       3%          4
 Freezing Cloud           Conj/Ice/Air   27%        6-21      6%          5
 Agony                    Necr           51%        N/A       9%          5
 Excruciating Wounds      Necr           25%        N/A       9%          5
 Manifold Assault         Tloc           51%        N/A       9%          5
 Silence                  Hex/Air        25%        N/A       9%          5
 Summon Mana Viper        Hex/Summ       51%        N/A       9%          5
 Simulacrum               Ice/Necr       28%        N/A       30%         6
 Death Channel            Necr           25%        N/A       43%         6
 Ozocubu's Refrigeration  Ice            30%        4d11      75%         7
 Monstrous Menagerie      Summ           25%        N/A       95%         7
 Polar Vortex             Ice            30%        N/A       100%        9


Dungeon Overview and Level Annotations

Branches:
Dungeon (13/15)            Temple (1/1) D:4            Lair (0/6) D:10
    Orc (0/2) D:12          Sewer (visited)         Ossuary (visited)
  IceCv (1/1)
 Vaults: D:13-14

Altars:
Ashenzari
Cheibriados
Dithmenos
Elyvilon
Fedhas
Gozag
Hepliaklqana
Kikubaaqudgha
Makhleb
Nemelex Xobeh
Ru
Sif Muna
Trog
Uskayaw
Vehumet
Wu Jian
Xom
Yredelemnul
Zin
The Shining One
Jiyva

Shops:
D:5 =   D:8 (?

Annotations:
D:11 3 runed translucent doors, huihihh's ghost, journeyman MiFi IceCv exclusion: ice statue


Innate Abilities, Weirdness & Mutations

You have very sharp teeth.
Your uncanny sense of smell can sniff out nearby items.
Your experience applies equally to all skills.


Message History

The zombie hands constrict the frost giant.
The frost giant escapes!
Casting: Borgnjor's Vile Clutch (dangerous; 9% risk of failure)
Confirm with . or Enter, or press ? or * to list all spells.
Aiming: Borgnjor's Vile Clutch (dangerous; 9% risk of failure)
Press: ? - help, Shift-Dir - straight line, f/p - polar bear
Aim: a polar bear (severely wounded, constricted by zombie hands, 100% to hit)
You miscast Borgnjor's Vile Clutch.
You are very lightly contaminated with residual magic.
You sense a malignant aura.
You partially resist.
You feel drained.
The zombie hands constrict the polar bear!
The polar bear escapes!
Casting: Borgnjor's Vile Clutch (dangerous; 9% risk of failure)
Confirm with . or Enter, or press ? or * to list all spells.
Aiming: Borgnjor's Vile Clutch (dangerous; 9% risk of failure)
Press: ? - help, Shift-Dir - straight line, f/p - polar bear
Aim: a polar bear (almost dead, 100% to hit)
Zombie hands grab the frost giant.
Zombie hands grab the wolf.
Zombie hands grab the polar bear.
The zombie hands constrict the polar bear.
The zombie hands constrict the frost giant!
The zombie hands constrict the wolf!
You kill the wolf!
Cheibriados thoroughly appreciates the change of pace.
The polar bear goes berserk!
You hit the frost giant.
The frost giant is severely wounded.
The zombie hands constrict the polar bear!
You kill the polar bear!
Cheibriados thoroughly appreciates the change of pace.
The zombie hands constrict the frost giant.
The frost giant points at you and mumbles some strange words.
The bolt of cold hits you!!!
Ouch! That really hurt!
You hit the frost giant but do no damage.
You drain the frost giant.
The frost giant is severely wounded.
The zombie hands constrict the frost giant.
The frost giant hits you with a +1 battleaxe of freezing!!
You die...

#....#
≈.##
#.#.##
#.#
##.###
#.##
#.##
#..#
##.#
##.#
#@##
#C#
#hh#
##k.#
..†#
#....
....#
∆
#..##
..#


You could see a frost giant (clutched, drained), 2 polar bears and a rime drake.

Vanquished Creatures
  Harold (D:7)
  2 two-headed ogres
  A tengu warrior (D:7)
  A death yak (IceCv)
  Pikel (D:7)
  3 ugly things
  A manticore (D:13)
  A cyclops (D:13)
  Joseph (D:7)
  2 ice devils (D:13)
  A yaktaur (D:8)
  An unseen horror (D:12)
  3 meliai (D:10)
  9 polar bears (IceCv)
  3 trolls
  A hornet (D:9)
  6 slime creatures (D:12)
  23 yaks
  A wyvern (D:7)
  Eustachio (D:4)
  A basilisk (D:12)
  A steam dragon (D:7)
  A water moccasin (D:5)
  An acid dragon (D:12)
  7 orc warriors
  A hornet zombie (D:8)
  20 wolves (IceCv)
  13 centaurs
  A necrophage (D:5)
  A lemure (D:7)
  5 kobold brigands
  A bullfrog (D:9)
  2 gnoll sergeants
  2 scorpions
  4 water moccasin zombies (Ossuary)
  A wyvern skeleton (D:5)
  4 wights (D:8)
  5 electric eels
  3 howler monkeys (D:9)
  4 centaur zombies
  3 hounds
  A jelly (D:6)
  2 bullfrog skeletons
  8 orc priests
  2 gnoll shamans
  Terence (D:3)
  An iguana (D:3)
  8 orc wizards
  2 hound zombies
  2 mummies (Ossuary)
  5 howler monkey zombies
  17 gnolls
  7 adders
  4 river rats (Sewer)
  2 shadow imps
  2 white imps (D:6)
  2 ufetubi (D:5)
  7 adder zombies (Ossuary)
  4 worms
  2 dart slugs
  40 orcs
  6 ball pythons
  11 endoplasms
  4 giant cockroaches
  2 gnoll zombies (Ossuary)
  4 goblins
  7 hobgoblins
  4 quokkas
  4 bats
  5 hobgoblin zombies (Ossuary)
  19 kobolds
  7 kobold zombies (Ossuary)
  2 orc zombies (Ossuary)
  10 rats
348 creatures vanquished.

Vanquished Creatures (collateral kills)
  An ugly thing (D:12)
  A water elemental (D:12)
  A scorpion (D:7)
  A wight (D:8)
  A nameless horror (D:10)
  2 orcs (D:8)
7 creatures vanquished.

Vanquished Creatures (others)
  A yak (IceCv)
  6 plants
7 creatures vanquished.

Grand Total: 362 creatures vanquished

Notes
Turn   | Place    | Note
-------+----------+-------------------------------------------
     0 | D:1      | frimble the Gnoll Wanderer began the quest for the Orb.
     0 | D:1      | frimble set off with the following items: a +0 hand axe, a
                  | +2 scale mail, a +0 hand crossbow, 30 bolts
     0 | D:1      | Reached XP level 1. HP: 20/20 MP: 1/1
   205 | D:1      | Reached XP level 2. HP: 13/26 MP: 2/2
  1086 | D:2      | Found a faded altar of an unknown god.
  1232 | D:2      | Reached XP level 3. HP: 20/31 MP: 3/3
  1658 | D:2      | Reached skill level 1 in Invocations
  1866 | D:2      | Learned a level 2 spell: Blink
  2112 | D:2      | Reached skill level 1 in Short Blades
  2112 | D:2      | Reached skill level 1 in Long Blades
  2112 | D:2      | Reached skill level 1 in Axes
  2112 | D:2      | Reached skill level 1 in Maces & Flails
  2112 | D:2      | Reached skill level 1 in Polearms
  2112 | D:2      | Reached skill level 1 in Staves
  2112 | D:2      | Reached skill level 1 in Slings
  2112 | D:2      | Reached skill level 1 in Bows
  2112 | D:2      | Reached skill level 1 in Dodging
  2112 | D:2      | Reached skill level 1 in Shields
  2112 | D:2      | Reached skill level 1 in Unarmed Combat
  2112 | D:2      | Reached skill level 1 in Spellcasting
  2112 | D:2      | Reached skill level 1 in Evocations
  2582 | D:3      | Reached XP level 4. HP: 27/38 MP: 5/5
  2596 | D:3      | Learned a level 3 spell: Ozocubu's Armour
  2853 | D:3      | Reached skill level 1 in Conjurations
  2853 | D:3      | Reached skill level 1 in Hexes
  2853 | D:3      | Reached skill level 1 in Summonings
  2853 | D:3      | Reached skill level 1 in Necromancy
  2853 | D:3      | Reached skill level 1 in Translocations
  2853 | D:3      | Reached skill level 1 in Transmutations
  2853 | D:3      | Reached skill level 1 in Fire Magic
  2853 | D:3      | Reached skill level 1 in Air Magic
  2853 | D:3      | Reached skill level 1 in Earth Magic
  2853 | D:3      | Reached skill level 1 in Poison Magic
  2865 | D:3      | Reached XP level 5. HP: 32/43 MP: 6/6
  3031 | D:3      | Noticed Terence
  3046 | D:3      | Killed Terence
  3820 | D:4      | Found a glowing drain.
  3843 | Sewer    | Entered a sewer
  4395 | Sewer    | Noticed a kobold brigand
  4406 | Sewer    | Killed a kobold brigand
  4407 | Sewer    | Reached XP level 6. HP: 25/50 MP: 4/8
  4583 | Sewer    | Reached skill level 5 in Fighting
  4583 | Sewer    | Reached skill level 5 in Crossbows
  4786 | Sewer    | Reached XP level 7. HP: 42/56 MP: 8/10
  5456 | D:4      | Found a blossoming altar of Fedhas.
  5456 | D:4      | Found a broken altar of Ashenzari.
  5472 | D:4      | Found a staircase to the Ecumenical Temple.
  5572 | D:4      | Noticed Eustachio
  5602 | D:4      | Killed Eustachio
  6120 | D:5      | Entered Level 5 of the Dungeon
  6149 | D:5      | Reached XP level 8. HP: 36/63 MP: 12/12
  6497 | D:5      | Found a bloodstained altar of Trog.
  6909 | D:5      | Found an opulent altar of Gozag.
  6912 | D:5      | Found a glowing silver altar of Zin.
  7091 | D:5      | Found Dotoylol's Jewellery Emporium.
  7489 | D:6      | Learned a level 4 spell: Summon Ice Beast
  7520 | D:6      | Found an ornate altar of the Wu Jian Council.
  7688 | D:6      | Found a sand-covered staircase.
  7696 | Ossuary  | Entered an ossuary
  8090 | Ossuary  | Reached XP level 9. HP: 68/69 MP: 14/14
  8444 | D:6      | Identified a scroll of acquirement
  8444 | D:6      | Acquired the +0 hat of the Pirate {rElec Int+3 Dex-5
                  | Slay+5}
  8664 | Temple   | Entered the Ecumenical Temple
  8811 | D:7      | Noticed Harold
  8812 | D:7      | Found a radiant altar of Vehumet.
  8832 | D:7      | Killed Harold
  8833 | D:7      | Reached skill level 5 in Throwing
  8833 | D:7      | Reached skill level 5 in Armour
  8833 | D:7      | Reached skill level 5 in Stealth
  9109 | D:7      | Noticed Joseph
  9123 | D:7      | Killed Joseph
  9124 | D:7      | Reached skill level 5 in Invocations
  9191 | D:7      | Noticed Pikel
  9218 | D:7      | Killed Pikel
  9219 | D:7      | Reached XP level 10. HP: 64/77 MP: 17/17
  9399 | D:7      | Reached skill level 5 in Short Blades
  9399 | D:7      | Reached skill level 5 in Long Blades
  9399 | D:7      | Reached skill level 5 in Axes
  9399 | D:7      | Reached skill level 5 in Maces & Flails
  9399 | D:7      | Reached skill level 5 in Polearms
  9399 | D:7      | Reached skill level 5 in Staves
  9399 | D:7      | Reached skill level 5 in Slings
  9399 | D:7      | Reached skill level 5 in Bows
  9399 | D:7      | Reached skill level 5 in Dodging
  9399 | D:7      | Reached skill level 5 in Shields
  9399 | D:7      | Reached skill level 5 in Unarmed Combat
  9399 | D:7      | Reached skill level 5 in Spellcasting
  9399 | D:7      | Reached skill level 5 in Evocations
  9442 | D:7      | Noticed a tengu warrior
  9474 | D:7      | Killed a tengu warrior
 10309 | D:8      | Found Vaqih's Magic Scroll Shoppe.
 10310 | D:8      | Found Ityim's Weapon Shop.
 10315 | D:8      | Bought a scroll of magic mapping for 38 gold pieces
 10977 | D:8      | Found a sparkling altar of Nemelex Xobeh.
 11071 | D:8      | You fall into a shaft and drop 1 floor!
 11661 | D:9      | Paralysed by a hornet for 3 turns
 11667 | D:9      | Paralysed by a hornet for 3 turns
 11675 | D:9      | Reached XP level 11. HP: 20/84 MP: 19/19
 12208 | D:9      | Found a snail-covered altar of Cheibriados.
 12217 | D:9      | Became a worshipper of Cheibriados the Contemplative
 12298 | D:9      | Found a burning altar of Makhleb.
 12639 | D:9      | Reached * piety under Cheibriados
 13052 | D:9      | Found a faded altar of an unknown god.
 13054 | D:9      | Found a hazy altar of Hepliaklqana.
 13056 | D:9      | Found a faded altar of an unknown god.
 13205 | D:10     | Entered Level 10 of the Dungeon
 13216 | D:10     | Reached skill level 5 in Conjurations
 13216 | D:10     | Reached skill level 5 in Hexes
 13216 | D:10     | Reached skill level 5 in Summonings
 13216 | D:10     | Reached skill level 5 in Necromancy
 13216 | D:10     | Reached skill level 5 in Translocations
 13216 | D:10     | Reached skill level 5 in Transmutations
 13216 | D:10     | Reached skill level 5 in Fire Magic
 13216 | D:10     | Reached skill level 5 in Air Magic
 13216 | D:10     | Reached skill level 5 in Earth Magic
 13216 | D:10     | Reached skill level 5 in Poison Magic
 13461 | D:10     | Noticed a two-headed ogre
 13475 | D:10     | Killed a two-headed ogre
 14075 | D:10     | Found a staircase to the Lair.
 14180 | D:10     | Acquired 1316 gold pieces
 14255 | D:8      | Bought a scroll of acquirement for 572 gold pieces
 14255 | D:8      | Bought a scroll of enchant armour for 82 gold pieces
 14255 | D:8      | Bought a scroll of enchant armour for 82 gold pieces
 14255 | D:8      | Bought a scroll of blinking for 82 gold pieces
 14255 | D:8      | Acquired 1354 gold pieces
 14408 | D:5      | Bought a +4 ring of evasion for 432 gold pieces
 14637 | D:11     | Found a runed translucent gate.
 14637 | D:11     | Found a runed translucent gate.
 14637 | D:11     | Found a runed translucent gate.
 14641 | D:11     | Noticed huihihh's ghost (journeyman MiFi)
 15024 | D:11     | Noticed a two-headed ogre
 15037 | D:11     | Killed a two-headed ogre
 15080 | D:11     | Noticed a brown ugly thing
 15091 | D:11     | Killed a brown ugly thing
 15360 | D:11     | Found a viscous altar of Jiyva.
 15379 | D:12     | Noticed a brown ugly thing
 15398 | D:12     | Killed a brown ugly thing
 15422 | D:12     | Noticed a brown ugly thing
 15436 | D:12     | Killed a brown ugly thing
 15520 | D:12     | Reached ** piety under Cheibriados
 15612 | D:12     | Reached XP level 12. HP: 70/93 MP: 22/22
 15680 | D:12     | Found a staircase to the Orcish Mines.
 16578 | D:13     | Learned a level 5 spell: Borgnjor's Vile Clutch
 16611 | D:13     | Reached *** piety under Cheibriados
 16637 | D:13     | Found a frozen archway.
 16676 | IceCv    | Entered an ice cave
 17236 | IceCv    | Reached **** piety under Cheibriados
 17282 | IceCv    | Noticed a death yak
 17297 | IceCv    | Killed a death yak
 17454 | IceCv    | Noticed a frost giant
 17468 | IceCv    | Slain by a frost giant

Illustrated notes

Levels and vault maps discovered:
D:1:      minmay_arrival_four_circles, layout_loops_corners
D:2:      layout_rooms, basic_ecumenical_altar, minmay_quadrilaterals
D:3:      layout_loops_ring, nicolae_overflow_hidden_temple, uniq_terence
D:4:      layout_cave_pools, mainiacjoe_overflow_large_starburst,
          minmay_temple_entry_slanted, cheibrodos_sewer_entry_drain,
          uniq_eustachio
D:5:      layout_loops_ring, grunt_temple_overflow_gold_and_silver,
          mainiacjoe_overflow_small_starburst, serial_shops, nicolae_shop_trees
D:6:      layout_rooms, lemuel_tele_altar, serial_glass, glass_columns_c,
          glass_columns_a, glass_columns_c, glass_columns_a, glass_columns_a,
          glass_columns_a, glass_columns_a, glass_columns_a,
          nicolae_ossuary_entry_monument, interstate_on_off
D:7:      nzn_winding_woodlands_cross [nzn_winding_woodlands_5x15_jagged,
          nzn_winding_woodlands_5x15_crooked,
          nzn_winding_woodlands_5x15_pathside_ponds,
          nzn_winding_woodlands_5x15_parted,
          nzn_winding_woodlands_15x15_eel_pit], layout_loops_corners,
          overflow_temple_1_default, uniq_harold, uniq_pikel, uniq_joseph
D:8:      layout_basic, nemelex_spade_bored_becter, nicolae_wooded_promenade,
          minmay_misc_feat_four_crosses, minmay_sticks_and_stones
D:9:      layout_basic, cheibriados_altar_1, lemuel_coloured_pillars_altar,
          nicolae_hepliaklqana_ecumenical_no_more
D:10:     layout_rooms, dpeg_oklobed_lair
D:11:     layout_loops_ring, gammafunk_ghost_ooze, minivault_1
D:12:     layout_basic, david_orc_4, serial_curves, eino_curves_04,
          eino_curves_02, eino_curves_01
D:13:     layout_basic, grunt_vaults_entry_tiered,
          portal_ice_cave_demonic_guard, minmay_beelzebubs_servants
Temple:   jpeg_temple_island
IceCv:    ice_cave_caverns_03

Skill      XL: |  1  2  3  4  5  6  7  8  9 10 11 12 |
---------------+-------------------------------------+-----
Invocations    | 1 2 3 4 5 6 7 8 |  8.5
Short Blades   | 1 2 3 4 5 6 7 |  7.8
Long Blades    | 1 2 3 4 5 6 7 |  7.8
Axes           | 1 2 3 4 5 6 7 |  7.8
Maces & Flails | 1 2 3 4 5 6 7 |  7.8
Polearms       | 1 2 3 4 5 6 7 |  7.8
Staves         | 1 2 3 4 5 6 7 |  7.8
Slings         | 1 2 3 4 5 6 7 |  7.8
Bows           | 1 2 3 4 5 6 7 |  7.8
Dodging        | 1 2 3 4 5 6 7 |  7.8
Shields        | 1 2 3 4 5 6 7 |  7.8
Unarmed Combat | 1 2 3 4 5 6 7 |  7.8
Spellcasting   | 1 2 3 4 5 6 7 |  7.8
Evocations     | 1 2 3 4 5 6 7 |  7.8
Conjurations   | 1 2 3 4 5 6 |  6.5
Hexes          | 1 2 3 4 5 6 |  6.5
Summonings     | 1 2 3 4 5 6 |  6.5
Necromancy     | 1 2 3 4 5 6 |  6.5
Translocations | 1 2 3 4 5 6 |  6.5
Transmutations | 1 2 3 4 5 6 |  6.5
Fire Magic     | 1 2 3 4 5 6 |  6.5
Air Magic      | 1 2 3 4 5 6 |  6.5
Earth Magic    | 1 2 3 4 5 6 |  6.5
Poison Magic   | 1 2 3 4 5 6 |  6.5
Throwing       | 3 4 5 6 7 8 |  8.3
Armour         | 3 4 5 6 7 8 |  8.3
Stealth        | 3 4 5 6 7 8 |  8.2
Fighting       | 5 6 7 8 9 |  9.1
Crossbows      | 5 6 7 8 9 |  9.1
Ice Magic      | 6 7 8 |  8.6

Action                   |  1- 3 |  4- 6 |  7- 9 | 10-12 || total
-------------------------+-------+-------+-------+-------++-------
Melee: Short sword       |   165 |   187 |   595 |   637 ||  1584
       Hand axe          |     6 |       |       |       ||     6
       Bite              |     8 |    12 |    66 |    80 ||   166
       Punch             |       |       |    11 |     6 ||    17
 Fire: Hand crossbow     |     8 |     1 |    87 |   156 ||   252
Throw: Dart              |       |    18 |    10 |    43 ||    71
 Cast: Ozocubu's Armour  |       |     5 |    13 |    18 ||    36
       Summon Ice Beast  |       |       |     2 |    11 ||    13
       Blink             |       |       |     1 |     5 ||     6
       Borgnjor's Vile C |       |       |       |    14 ||    14
Evoke: Wand              |       |     7 |       |    12 ||    19
  Use: Scroll            |     4 |     2 |    13 |    12 ||    31
       Potion            |       |     1 |       |     4 ||     5
 Stab: Sleeping          |       |     1 |     6 |    10 ||    17
       Invisible         |       |       |       |     4 ||     4
       Distracted        |       |       |       |     2 ||     2
Armor: Scale mail        |   109 |    27 |       |       ||   136
       Robe              |       |    66 |   281 |   152 ||   499
       Skin              |       |       |       |     6 ||     6
       Troll leather arm |       |       |       |   161 ||   161
Dodge: Dodged            |    69 |   124 |   446 |   535 ||  1174
Block: Buckler           |       |       |       |   150 ||   150

Table legend: (Time is in decaauts)
 A = Elapsed time spent in this place.
 B = Non-inter-level travel time spent in this place.
 C = Inter-level travel time spent in this place.
 D = Time resting spent in this place.
 E = Time spent auto-exploring this place.
 F = Levels seen in this place.
 G = Mean time per level.
                   A        B        C        D        E       F      G
               +--------+--------+--------+--------+--------+-----+--------+
         Total |  18985 |  17871 |   1114 |     56 |  14356 |  17 | 1116.8 |
       Dungeon |  15691 |  14591 |   1100 |     16 |  12102 |  13 | 1207.0 |
        Temple |     74 |     61 |     13 |      0 |     52 |   1 |   74.0 |
         Sewer |   1748 |   1748 |      0 |      0 |   1313 |   1 | 1748.0 |
       Ossuary |    515 |    515 |      0 |      0 |    294 |   1 |  515.0 |
      Ice Cave |    956 |    956 |      0 |     40 |    594 |   1 |  956.0 |
               +--------+--------+--------+--------+--------+-----+--------+

Top non-repeatable levels by time:
   Sewer: 1748 daAuts
     D:8: 1727 daAuts
     D:7: 1618 daAuts
     D:9: 1570 daAuts
    D:12: 1527 daAuts
     D:2: 1441 daAuts
     D:5: 1323 daAuts
     D:3: 1277 daAuts
    D:11: 1214 daAuts
    D:10: 1144 daAuts
     D:1: 1089 daAuts
   IceCv: 956 daAuts
     D:4: 896 daAuts
     D:6: 725 daAuts
 Ossuary: 515 daAuts
